TOP OF THE 1ST |
---|
Pensacola Pilots batting - Pitching for Savannah Hogs : RHP Landon Bailey | Pitching: RHP Landon Bailey | | Batting: LHB Joe Storms | 0-0: Called Strike 0-1: Ball 1-1: Foul Ball, location: 2F 1-2: Ball 2-2: Ground out 6-3 (Groundball, 6MD) | Batting: RHB Albert Morán | 0-0: Ball 1-0: Ground out 6-3 (Groundball, 6) | Batting: SHB Ron Winston | 0-0: Ball 1-0: Ball 2-0: Fly out, F7 (Flyball, 7LMF) | Top of the 1st over - 0 runs, 0 hits, 0 errors, 0 left on base; Pensacola 0 - Savannah 0 | BOTTOM OF THE 1ST |
---|
Savannah Hogs batting - Pitching for Pensacola Pilots : RHP Armando López | Pitching: RHP Armando López | | Batting: RHB Luis Mercado | 0-0: Foul Ball, location: 2F 0-1: Ball 1-1: Ball 2-1: Called Strike 2-2: Foul Ball, location: 2F 2-2: Strikes out swinging | Batting: LHB Alberto Castellanos | 0-0: Ball 1-0: Ground out 5-3 (Groundball, 5) | Batting: RHB Gilberto Bautista | 0-0: Ball 1-0: Called Strike 1-1: Called Strike 1-2: Ball 2-2: Foul Ball, location: 2F 2-2: Strikes out looking | Bottom of the 1st over - 0 runs, 0 hits, 0 errors, 0 left on base; Pensacola 0 - Savannah 0 | TOP OF THE 2ND |
---|
Pensacola Pilots batting - Pitching for Savannah Hogs : RHP Landon Bailey | Batting: SHB Carlos González | 0-0: Ground out 6-3 (Groundball, 6) | Batting: LHB Freddy Torres | 0-0: Called Strike 0-1: Ball 1-1: Foul Ball, location: 2F 1-2: Strikes out looking | Batting: RHB John Hall | 0-0: Called Strike 0-1: Ball 1-1: Ball 2-1: Ball 3-1: Base on Balls | Batting: RHB Robert Rose | 0-0: Ball 1-0: Swinging Strike 1-1: Ball 2-1: Swinging Strike 2-2: Foul Ball, location: 2F 2-2: Foul Ball, location: 2F 2-2: Ball 3-2: Base on Balls John Hall to second | Batting: RHB Tony Pulla | 0-0: Ball 1-0: Swinging Strike 1-1: Swinging Strike 1-2: Strikes out swinging | Top of the 2nd over - 0 runs, 0 hits, 0 errors, 2 left on base; Pensacola 0 - Savannah 0 | BOTTOM OF THE 2ND |
---|
Savannah Hogs batting - Pitching for Pensacola Pilots : RHP Armando López | Batting: SHB Ramón Minas | 0-0: Ball 1-0: Foul Ball, location: 2F 1-1: Foul Ball, location: 2F 1-2: Ball 2-2: Ball 3-2: Foul Ball, location: 2F 3-2: Foul Ball, location: 2F 3-2: Base on Balls | Batting: LHB António Gutiérrez | 0-0: Called Strike 0-1: Ball 1-1: Called Strike Ramón Minas steals 2nd base 1-2: Foul Ball, location: 2F 1-2: Strikes out looking | Batting: RHB Orlando Márquez | 0-0: Ball 1-0: 2-RUN HOME RUN (Flyball, 7LD), Distance : 353 ft | Batting: RHB Richard Cardoza | 0-0: Foul Ball, location: 2F 0-1: Called Strike 0-2: Fly out, F5 (Popup, 25F) | Batting: RHB Wilson Ortíz | 0-0: Hit by Pitch | Batting: RHB Júlio Contreras | 0-0: Fly out, F6 (Line Drive, 6) | Bottom of the 2nd over - 2 runs, 1 hit, 0 errors, 1 left on base; Pensacola 0 - Savannah 2 | TOP OF THE 3RD |
---|
Pensacola Pilots batting - Pitching for Savannah Hogs : RHP Landon Bailey | Batting: RHB Juan González | 0-0: Foul Ball, location: 2F 0-1: Ball 1-1: SINGLE (Groundball, 56D) | Batting: LHB Joe Storms | 0-0: Called Strike 0-1: Foul Ball, location: 2F 0-2: Foul Ball, location: 2F 0-2: Foul Ball, location: 2F 0-2: SINGLE (Line Drive, 6MD) Juan González to second | Batting: RHB Albert Morán | 0-0: Fielders Choice at 2nd, 2-4 (Groundball, 2L) Juan González to third | Batting: SHB Ron Winston | 0-0: Ball 1-0: Called Strike Albert Morán steals 2nd base 1-1: Foul Ball, location: 2F 1-2: Strikes out swinging | Batting: SHB Carlos González | 0-0: Ball 1-0: Foul Ball, location: 2F 1-1: Called Strike 1-2: Foul Ball, location: 2F 1-2: SINGLE (Line Drive, 34) Juan González scores Albert Morán to third Runner from 3rd tries for Home, SAFE, no throw | Batting: LHB Freddy Torres | 0-0: Ball 1-0: Called Strike 1-1: Ball 2-1: SINGLE (Line Drive, 8LM) Carlos González to second Runner from 2nd tries for 3rd, SAFE, no throw | Batting: RHB John Hall | 0-0: Foul Ball, location: 2F 0-1: Ground out 5-3 (Groundball, 56S) | Top of the 3rd over - 2 runs, 4 hits, 0 errors, 2 left on base; Pensacola 2 - Savannah 2 | BOTTOM OF THE 3RD |
---|
Savannah Hogs batting - Pitching for Pensacola Pilots : RHP Armando López | Batting: RHB Luis Mercado | 0-0: Ball 1-0: Foul Ball, location: 2F 1-1: SINGLE (Groundball, P) (infield hit) | Batting: LHB Alberto Castellanos | 0-0: Foul Ball, location: 2F 0-1: Swinging Strike 0-2: Ball 1-2: Foul Ball, location: 2F 1-2: Foul Ball, location: 2F 1-2: Strikes out looking | Batting: RHB Gilberto Bautista | 0-0: Called Strike Luis Mercado is caught stealing 2nd base 0-1: Foul Ball, location: 2F 0-2: Strikes out swinging | Bottom of the 3rd over - 0 runs, 1 hit, 0 errors, 0 left on base; Pensacola 2 - Savannah 2 | TOP OF THE 4TH |
---|
Pensacola Pilots batting - Pitching for Savannah Hogs : RHP Landon Bailey | Batting: RHB Robert Rose | 0-0: Ball 1-0: Called Strike 1-1: Ball 2-1: Ball 3-1: Foul Ball, location: 2F 3-2: SINGLE (Flyball, 7LS) | Batting: RHB Tony Pulla | 0-0: Ball 1-0: Fielders Choice at 2nd, 1-6 (Groundball, P) | Batting: RHB Juan González | 0-0: Ball 1-0: Ball 2-0: Ball 3-0: Base on Balls Tony Pulla to second | Batting: LHB Joe Storms | 0-0: Fly out, F6 (Popup, 6S) | Batting: RHB Albert Morán | 0-0: Ball 1-0: Foul Ball, location: 2F 1-1: Swinging Strike 1-2: Foul Ball, location: 2F 1-2: Strikes out swinging | Top of the 4th over - 0 runs, 1 hit, 0 errors, 2 left on base; Pensacola 2 - Savannah 2 | BOTTOM OF THE 4TH |
---|
Savannah Hogs batting - Pitching for Pensacola Pilots : RHP Armando López | Batting: SHB Ramón Minas | 0-0: Ground out 6-3 (Groundball, 6M) | Batting: LHB António Gutiérrez | 0-0: Ball 1-0: Ball 2-0: Ball 3-0: Base on Balls | Batting: RHB Orlando Márquez | 0-0: Swinging Strike 0-1: Ball 1-1: Ball 2-1: Ball 3-1: Base on Balls António Gutiérrez to second | Batting: RHB Richard Cardoza | 0-0: Ball 1-0: 3-RUN HOME RUN (Flyball, 7LD), Distance : 347 ft | Batting: RHB Wilson Ortíz | 0-0: Ball 1-0: Called Strike 1-1: Called Strike 1-2: Ball 2-2: Strikes out swinging | Batting: RHB Júlio Contreras | 0-0: Called Strike 0-1: Foul Ball, location: 2F 0-2: Foul Ball, location: 2F 0-2: Strikes out swinging | Bottom of the 4th over - 3 runs, 1 hit, 0 errors, 0 left on base; Pensacola 2 - Savannah 5 | TOP OF THE 5TH |
---|
Pensacola Pilots batting - Pitching for Savannah Hogs : RHP Landon Bailey | Batting: SHB Ron Winston | 0-0: Called Strike 0-1: Foul Ball, location: 2F 0-2: Foul Ball, location: 2F 0-2: Strikes out looking | Batting: SHB Carlos González | 0-0: Swinging Strike 0-1: Ball 1-1: Ball 2-1: DOUBLE (Flyball, 89D) | Batting: LHB Freddy Torres | 0-0: Ball 1-0: Foul Ball, location: 2F 1-1: Ball 2-1: Ball 3-1: Called Strike 3-2: Ground out 4-3 (Groundball, 34D) Carlos González to third | Batting: RHB John Hall | 0-0: Ball 1-0: Ball 2-0: Called Strike 2-1: Swinging Strike 2-2: SINGLE (Groundball, 4MD) Carlos González scores | Batting: RHB Robert Rose | 0-0: Ball 1-0: Called Strike 1-1: Foul Ball, location: 2F 1-2: Fly out, F6 (Line Drive, 56) | Top of the 5th over - 1 run, 2 hits, 0 errors, 1 left on base; Pensacola 3 - Savannah 5 | BOTTOM OF THE 5TH |
---|
Savannah Hogs batting - Pitching for Pensacola Pilots : RHP Armando López | Batting: RHB Luis Mercado | 0-0: SOLO HOME RUN (Flyball, 7LD), Distance : 352 ft | Batting: LHB Alberto Castellanos | 0-0: Swinging Strike 0-1: Called Strike 0-2: Ball 1-2: Ball 2-2: Foul Ball, location: 2F 2-2: Ground out 4-3 (Groundball, 4) | Batting: RHB Gilberto Bautista | 0-0: Ball 1-0: Ball 2-0: Ground out 1-3 (Groundball, 15S) | Batting: SHB Ramón Minas | 0-0: Ball 1-0: Ground out 6-3 (Groundball, 6MS) | Bottom of the 5th over - 1 run, 1 hit, 0 errors, 0 left on base; Pensacola 3 - Savannah 6 | TOP OF THE 6TH |
---|
Pensacola Pilots batting - Pitching for Savannah Hogs : RHP Landon Bailey | Pitching: LHP Ricardo Rosário | | Batting: RHB Tony Pulla | 0-0: Called Strike 0-1: Swinging Strike 0-2: Foul Ball, location: 2F 0-2: Ball 1-2: Strikes out swinging | Batting: RHB Juan González | 0-0: Ball 1-0: Ball 2-0: Called Strike 2-1: SINGLE (Flyball, 89S) | Batting: LHB Joe Storms | 0-0: Called Strike 0-1: Called Strike 0-2: Strikes out swinging | Batting: RHB Albert Morán | 0-0: Swinging Strike 0-1: Ball 1-1: Foul Ball, location: 2F 1-2: Ball 2-2: Strikes out swinging | Top of the 6th over - 0 runs, 1 hit, 0 errors, 1 left on base; Pensacola 3 - Savannah 6 | BOTTOM OF THE 6TH |
---|
Savannah Hogs batting - Pitching for Pensacola Pilots : RHP Armando López | Batting: LHB António Gutiérrez | 0-0: Ball 1-0: Ball 2-0: Ball 3-0: Base on Balls | Batting: RHB Orlando Márquez | 0-0: Called Strike 0-1: Foul Ball, location: 2F 0-2: Ball 1-2: Foul Ball, location: 2F 1-2: Ball 2-2: Ball 3-2: Ground out 4-3 (Groundball, 4S) António Gutiérrez to second | Batting: RHB Richard Cardoza | 0-0: Ball 1-0: Swinging Strike 1-1: Foul Ball, location: 2F 1-2: Ground out 1-3 (Groundball, 13) António Gutiérrez to third | Batting: RHB Wilson Ortíz | 0-0: Ball 1-0: Foul Ball, location: 2F 1-1: Swinging Strike 1-2: Ground out 6-3 (Groundball, 6) | Bottom of the 6th over - 0 runs, 0 hits, 0 errors, 1 left on base; Pensacola 3 - Savannah 6 | TOP OF THE 7TH |
---|
Pensacola Pilots batting - Pitching for Savannah Hogs : LHP Ricardo Rosário | Batting: SHB Ron Winston | 0-0: Called Strike 0-1: Called Strike 0-2: Ball 1-2: Ball 2-2: Strikes out swinging | Batting: SHB Carlos González | 0-0: Ball 1-0: Swinging Strike 1-1: Ball 2-1: Ball 3-1: Foul Ball, location: 2F 3-2: Strikes out swinging | Batting: LHB Freddy Torres | 0-0: Ball 1-0: Called Strike 1-1: Swinging Strike 1-2: Foul Ball, location: 2F 1-2: DOUBLE (Line Drive, 89D) | Batting: RHB John Hall | 0-0: Called Strike 0-1: 2-RUN HOME RUN (Flyball, 78XD), Distance : 405 ft | Pitching: RHP Jeff Nelson | | Batting: RHB Robert Rose | 0-0: Swinging Strike 0-1: Swinging Strike 0-2: Ball 1-2: Strikes out swinging | Top of the 7th over - 2 runs, 2 hits, 0 errors, 0 left on base; Pensacola 5 - Savannah 6 | BOTTOM OF THE 7TH |
---|
Savannah Hogs batting - Pitching for Pensacola Pilots : RHP Armando López | Pitching: RHP Don Anderson | | Batting: RHB Júlio Contreras | 0-0: Ball 1-0: Called Strike 1-1: Ball 2-1: Ball 3-1: Base on Balls | Batting: RHB Luis Mercado | | Pinch Hitting: RHB Miguel Cervantes | 0-0: Ball 1-0: Called Strike 1-1: Ball 2-1: Foul Ball, location: 2F 2-2: Ball 3-2: Fly out, F9 (Line Drive, 9) | Batting: LHB Alberto Castellanos | 0-0: Ball 1-0: Foul Ball, location: 2F 1-1: Ball Júlio Contreras steals 2nd base 2-1: Intentional Walk | Pinch Hitting: SHB Juan Chávez | 0-0: Foul Ball, location: 2F 0-1: Foul Ball, location: 2F 0-2: Fly out, F4 (Line Drive, 4) | Batting: SHB Ramón Minas | 0-0: Foul Ball, location: 2F 0-1: Called Strike 0-2: Foul Ball, location: 2F 0-2: Ball 1-2: Strikes out swinging | Bottom of the 7th over - 0 runs, 0 hits, 0 errors, 2 left on base; Pensacola 5 - Savannah 6 | TOP OF THE 8TH |
---|
Pensacola Pilots batting - Pitching for Savannah Hogs : RHP Jeff Nelson | Pitching: RHP Yalew Omwancha | | Now at 2B: Juan Chávez | | Now at 3B: Juan Soriano | | Batting: RHB Tony Pulla | 0-0: Ball 1-0: Called Strike 1-1: Called Strike 1-2: Ball 2-2: Ball 3-2: Strikes out looking | Batting: RHB Juan González | 0-0: Called Strike 0-1: SINGLE (Line Drive, 89M) | Batting: LHB Joe Storms | 0-0: Ball 1-0: Swinging Strike 1-1: Called Strike 1-2: Strikes out swinging | Batting: RHB Albert Morán | 0-0: Fielders Choice at 2nd, 6-4 (Groundball, 6D) | Top of the 8th over - 0 runs, 1 hit, 0 errors, 1 left on base; Pensacola 5 - Savannah 6 | BOTTOM OF THE 8TH |
---|
Savannah Hogs batting - Pitching for Pensacola Pilots : RHP Don Anderson | Batting: LHB António Gutiérrez | 0-0: Called Strike 0-1: Reached via error on a dropped throw, E1 | Batting: RHB Orlando Márquez | 0-0: Swinging Strike 0-1: Reached on error, E9 (Flyball, 89D) António Gutiérrez to third | Pinch Hitting: RHB Tucker Cooper | 0-0: Called Strike 0-1: Foul Ball, location: 2F 0-2: DOUBLE (Line Drive, 7D) António Gutiérrez scores Orlando Márquez scores | Batting: RHB Wilson Ortíz | 0-0: Intentional Walk | Batting: RHB Júlio Contreras | 0-0: Ball 1-0: Called Strike 1-1: Ball 2-1: Ball 3-1: Base on Balls Tucker Cooper to third Wilson Ortíz to second | Pinch Hitting: LHB Felipe Franco | 0-0: Called Strike 0-1: Swinging Strike 0-2: Strikes out looking | Batting: LHB Alberto Castellanos | 0-0: Called Strike 0-1: Foul Ball, location: 2F 0-2: Ball 1-2: Ball 2-2: Ball 3-2: Strikes out swinging | Batting: SHB Juan Chávez | 0-0: Ball 1-0: Called Strike 1-1: Foul Ball, location: 2F 1-2: Ball 2-2: Ground out 4-3 (Groundball, 4) | Bottom of the 8th over - 2 runs, 1 hit, 2 errors, 3 left on base; Pensacola 5 - Savannah 8 | TOP OF THE 9TH |
---|
Pensacola Pilots batting - Pitching for Savannah Hogs : RHP Yalew Omwancha | Now at 1B: Juan Morales | | Now at 3B: Tucker Cooper | | Now in LF: Jorge Chávez | | Batting: SHB Ron Winston | 0-0: Ball 1-0: Ball 2-0: Called Strike 2-1: SOLO HOME RUN (Flyball, 89XD), Distance : 380 ft | Batting: SHB Carlos González | 0-0: Ball 1-0: Ball 2-0: Ball 3-0: Base on Balls | Batting: LHB Freddy Torres | 0-0: Ball 1-0: Ball 2-0: Called Strike 2-1: Foul Ball, location: 2F 2-2: Strikes out swinging | Batting: RHB John Hall | 0-0: Called Strike 0-1: Ball 1-1: Ball 2-1: Ball 3-1: Base on Balls Carlos González to second | Batting: RHB Robert Rose | 0-0: Ball 1-0: Foul Ball, location: 2F 1-1: Ball 2-1: Foul Ball, location: 2F 2-2: Foul Ball, location: 2F 2-2: Foul Ball, location: 2F 2-2: Ball 3-2: Base on Balls Carlos González to third John Hall to second | Pinch Hitting: LHB Ricardo García | 0-0: Called Strike 0-1: Ball 1-1: Ball 2-1: Ball 3-1: Base on Balls Carlos González scores John Hall to third Robert Rose to second | Pinch Hitting: RHB Alfonso Sánchez | 0-0: Ball 1-0: SINGLE (Line Drive, 4M) John Hall scores Robert Rose to third Ricardo García to second Runner from 3rd tries for Home, SAFE, no throw | Pitching: RHP William Gallegos | | Batting: LHB Joe Storms | 0-0: Ball 1-0: Called Strike 1-1: Ball Ricardo García steals 3rd base 2-1: Ball 3-1: Swinging Strike 3-2: Strikes out swinging | Pitching: LHP Ramón González | | Batting: RHB Albert Morán | 0-0: Ground out 5-3 (Groundball, 56S) | Top of the 9th over - 4 runs, 2 hits, 0 errors, 2 left on base; Pensacola 9 - Savannah 8 | BOTTOM OF THE 9TH |
---|
Savannah Hogs batting - Pitching for Pensacola Pilots : RHP Don Anderson | Pitching: LHP Keith Jackson | | Now at C: Rodolphe Dettori | | Now in LF: Ricardo García | | Batting: SHB Ramón Minas | 0-0: Ball 1-0: Ball 2-0: Foul Ball, location: 2F 2-1: SINGLE (Flyball, 7LS) | Batting: RHB Jorge Chávez | 0-0: Ball 1-0: Ball 2-0: SINGLE (Line Drive, 5L) Ramón Minas to second | Batting: RHB Orlando Márquez | 0-0: SINGLE (Groundball, 4MD) Ramón Minas to third Jorge Chávez to second Runner from 3rd tries for Home, SAFE, no throw | Batting: RHB Tucker Cooper | 0-0: Ball Wild Pitch! Jorge Chávez to third Orlando Márquez to second 1-0: Foul Ball, location: 2F 1-1: Ball 2-1: Fly out, F8 (Flyball, 78M) Runner from 3rd tags up, SCORES, no throw | Saturday, December 16th, 2017 - OOTP Baseball 18.8 Build 76 |
|